AoeStats
← Malik Bhai

Runestones

507681137Analyzed
1v1 RM · 13d ago on Sep 19, 2026· 39m 53s· 2 players
Game mode
Random Map
Map size
Tiny (2 player)
Population
200
Speed
Normal
Resources
Standard
Victory
Conquest
Starting age
Dark Age
Ending age
Imperial Age
RankedLock teamsTeams togetherTeam positionsShared explorationLock speedFull tech treeHidden civsTurbo modeCheats
Victory
Defeat
🇨🇳 Mapuche · China
1865
+12
🇵🇰 Chinese · Pakistan
1772
-12
Malik Bhai
0:26 Loom
8:48 Feudal Age
10:25 Double-Bit Axe
12:15 Horse Collar
13:45 Fletching
20:28 Castle Age
18:49 Padded Archer Armor
19:56 Gold Mining
21:10 Bodkin Arrow
22:02 Crossbowman
24:18 Leather Archer Armor
36:52 Imperial Age
38:05 Bracer
只会打步弓
5:54 Loom
8:44 Feudal Age
13:00 Double-Bit Axe
12:57 Horse Collar
13:21 Fletching
22:51 Castle Age
22:05 Gold Mining
24:15 Bow Saw
24:14 Bodkin Arrow
30:04 Wheelbarrow
30:20 Heavy Plow
32:02 Town Watch
36:16 Imperial Age
33:55 Padded Archer Armor
37:33 Ballistics
38:32 Chemistry
37:56 Leather Archer Armor
37:53 Masonry
38:58 Conscription
39:40 Malon
39:45 Butalmapu
Connection lost

Rejoining the realm…

Still unreachable

The connection could not be restored.

Session expired

The server has moved on; the page needs a fresh start.